 Dungeon Crawl Stone Soup version 0.30.2 (webtiles) character file.

Game seed: 1578236763354914084

12 porpoise the Slasher (level 2, 0/22 HPs)
             Began as a Demonspawn Gladiator on Mar 7, 2024.
             Slain by a dart slug (3 damage)
             ... on level 1 of the Dungeon.
             The game lasted 00:01:40 (217 turns).

porpoise the Slasher (Demonspawn Gladiator)          Turns: 217, Time: 00:01:42

Health: 0/22       AC:  4    Str: 14    XL:     2   Next: 20%
Magic:  2/2        EV: 11    Int:  9    God:
Gold:   8          SH:  3    Dex: 14    Spells: 1/1 levels left

rFire   . . .        a - +0 long sword
rCold   . . .        i - +0 buckler
rNeg    . . .        b - +0 leather armour
rPois   .            c - +0 helmet
rElec   .            (no cloak)
rCorr   .            (no gloves)
SInv    .            (no boots)
Will    .....        (no amulet)
Stlth   +            (no ring)
HPRegen 0.23/turn    (no ring)
MPRegen 0.16/turn

%: clarity
@: no status effects
A: magic regeneration, clarity, no potion heal 1
a: no special abilities


You were on level 1 of the Dungeon.
You visited 1 branch of the dungeon, and saw 1 of its levels.

You collected 8 gold pieces.

Inventory:

Hand Weapons
 a - a +0 long sword (weapon)
Missiles
 d - 5 throwing nets (quivered)
 e - a javelin
 f - 3 poisoned darts
Armour
 b - a +0 leather armour (worn)
 c - a +0 helmet (worn)
 i - a +0 buckler (worn)
Jewellery
 g - a ring of flight
Scrolls
 h - a scroll of immolation {unknown}
 k - a scroll of enchant weapon {unknown}


   Skills:
 + Level 2.2 Fighting
 * Level 3.1 Long Blades
 - Level 1.7 Throwing
 - Level 2.6 Dodging
 + Level 0.3 Shields


You had one spell level left.
You didn't know any spells.
Your spell library was empty.

Dungeon Overview and Level Annotations

Branches:
Dungeon (1/15)

Altars:

Shops:
D:1 [


Innate Abilities, Weirdness & Mutations

You regenerate magic rapidly.
You possess an exceptional clarity of mind.
Potions are less effective at restoring your health.


Message History

A bat comes into view. x2
There are monsters nearby!
A rat, a kobold and a dart slug come into view.
The kobold shouts!
The bat hits you.
The kobold throws a stone.
The stone hits you.
There is an open door here.
You closely miss the bat. The bat hits you but does no damage. x3
An endoplasm comes into view.
You closely miss the bat. The bat barely misses you.
The kobold throws a stone.
The stone closely misses you. The bat hits you but does no damage.
You hit the bat.
You kill the bat!
The bat hits you but does no damage.
You completely miss the endoplasm. The bat closely misses you.
The endoplasm freezes you.
You are frozen.
You barely miss the endoplasm. You block the bat's attack.
The endoplasm closely misses you. The rat bites you but does no damage.
You hit the endoplasm.
You kill the endoplasm!
The bat hits you but does no damage. The rat closely misses you.
The bat hits you but does no damage.
You barely miss the kobold. The bat hits you but does no damage.
You block the kobold's attack. The rat bites you.
You closely miss the kobold. The kobold closely misses you.
The rat closely misses you. The dart slug launches a dart at you.
The slug dart hits you. The rat bites you.
The kobold hits you with a +0 short sword.
* * * LOW HITPOINT WARNING * * *
You are too injured to fight recklessly!
You are too injured to fight recklessly!
The rat attacks as you move away! The rat bites you.
* * * LOW HITPOINT WARNING * * *
The kobold attacks as you move away! The kobold hits you but does no damage.
It was a potion of mutation.
You feel extremely strange.
Your system partially rejects the healing effects of potions.
Your thoughts seem clearer.
The dart slug bites you.
You die...

...# ......
...#...# .....#
#..#...# .....#
#..#...# .....##
#..#...# .......
#..#...# .......
#.†#...####K......
##..#...#.@wr......
#.......#.##b......
#...#.#....+.......
#...'...#.##.......
#...#.#.#.# .......
# #...#.#.#.#
....... #...#.#.#.#
....... #####.#.#.#
####### #.#.#.#


You could see a dart slug, a bat, a kobold and a rat.

Vanquished Creatures
  2 ball pythons (D:1)
  An endoplasm (D:1)
  2 giant cockroaches (D:1)
  A hobgoblin (D:1)
  4 bats (D:1)
  A frilled lizard (D:1)
11 creatures vanquished.

Notes
Turn   | Place    | Note
-------+----------+-------------------------------------------
     0 | D:1      | porpoise the Demonspawn Gladiator began the quest for the
                  | Orb.
     0 | D:1      | Reached XP level 1. HP: 16/16 MP: 1/1
    45 | D:1      | Found Qadam's Armour Boutique.
    85 | D:1      | Found a faded altar of an unknown god.
   149 | D:1      | Reached skill level 3 in Long Blades
   167 | D:1      | Gained mutation: You regenerate magic rapidly. [demonic
                  | ancestry]
   167 | D:1      | Reached XP level 2. HP: 22/22 MP: 2/2
   217 | D:1      | Gained mutation: Potions are less effective at restoring
                  | your health. [potion of mutation]
   217 | D:1      | Gained mutation: You possess an exceptional clarity of
                  | mind. [potion of mutation]
   217 | D:1      | Slain by a dart slug

Illustrated notes

Levels and vault maps discovered:
D:1:      spicycebolla_green_bress_n_ham, layout_basic,
          shapermc_ecumenical_altar_pompeii, serial_shops,
          nicolae_shop_back_alley_shop

Skill      XL: |  1 |
---------------+----+-----
Long Blades    | 3 |  3.1
Fighting       | |  2.2
Throwing       | |  1.7
Dodging        | |  2.6
Shields        | |  0.3

Action                     || total
---------------------------++-------
  Melee: Long sword        ||    30
    Use: Potion            ||     1
 Armour: Leather armour    ||    19
  Dodge: Dodged            ||    32
  Block: Buckler           ||     3
